 Dungeon Crawl Stone Soup version 0.18.1-50-g88ac8fd (webtiles) character file.

55 spiff the Cudgeler (level 3, 0/29 HPs)
             Began as a Demonspawn Chaos Knight on Sept 18, 2016.
             Slain by a small abomination (2 damage)
             ... summoned by the capriciousness of Xom
             ... on level 3 of the Dungeon.
             The game lasted 00:06:06 (2007 turns).

spiff the Cudgeler (Demonspawn Chaos Knight)        Turns: 2007, Time: 00:06:07

Health: 0/29       AC:  5    Str: 12    XL:     3   Next: 67%
Magic:  3/3        EV: 13    Int: 13    God:    Xom [....*.]
Gold:   136        SH:  0    Dex: 13    Spells: 0 memorised, 2 levels left

rFire  . . .     SeeInvis .     a - +0 mace (chaos)
rCold  . . .     Gourm    .     b - +2 leather armour
rNeg   . . .     Faith    .     (no shield)
rPois  .         Spirit   .     (helmet restricted)
rElec  .         Dismiss  .     (no cloak)
rCorr  .         Reflect  .     (no gloves)
SustAt .         Harm     .     (no boots)
MR     .....                    (no amulet)
Stlth  +.........               (no ring)
                                (no ring)

@: not resistant to hostile enchantments, very unstealthy
A: antennae 1, repulsion field 1
a: Renounce Religion


You were on level 3 of the Dungeon.
You worshipped Xom.
You were a beloved toy of Xom.
You were not hungry.

You visited 1 branch of the dungeon, and saw 3 of its levels.

You collected 136 gold pieces.

Inventory:

Hand Weapons
 a - a +0 mace of chaos (weapon)
 r - a +4 dagger
Missiles
 q - 2 curare-tipped needles
Armour
 b - a +2 leather armour (worn)
Wands
 s - a wand of disintegration (12/24)
Scrolls
 d - 4 scrolls of random uselessness
 e - 2 scrolls of remove curse
 h - a scroll of teleportation
 l - a scroll of noise {unknown}
 m - 2 scrolls of magic mapping
 n - 2 scrolls of identify {unknown}
 p - a scroll of recharging {unknown}
Potions
 g - a potion of curing {unknown}
 o - a potion of cure mutation {unknown}
Comestibles
 c - a bread ration
 f - 2 meat rations
 i - a beef jerky
 j - a chunk of flesh


   Skills:
 - Level 3.0 Fighting
 + Level 4.2 Maces & Flails
 - Level 1.7 Armour
 - Level 0.8 Dodging


You had 2 spell levels left.
You didn't know any spells.

Dungeon Overview and Level Annotations

Branches:
Dungeon (3/15)

Altars:
Trog


Innate Abilities, Weirdness & Mutations

You have a pair of small antennae on your head.
You are surrounded by a mild repulsion field (EV +2).


Message History

You barely miss the small abomination.
The small abomination is lightly damaged.
The small abomination hits you but does no damage.
The small abomination misses you.
You hit the small abomination.
The small abomination convulses.
The small abomination is moderately damaged.
The small abomination hits you! The small abomination hits you.
The small abomination barely misses you.
The small abomination hits you!
* * * LOW HITPOINT WARNING * * *
Drink which item? (? for menu, Esc to quit)
Okay, then.
Read which item? (? for menu, Esc to quit)
Okay, then.
Read which item? (? for menu, Esc to quit)
As you read the scroll labeled XOPSOPSONU, it crumbles to dust.
The scroll dissolves into smoke.
It was a scroll of fog.
The small abomination hits you.
You die... "It was about time."

,,,,***,*******.**.#****
,,,,* *,,,,,,,,.##.#
,,,,* *********#...#
,,,,* ##.#.# ,,,,*
###**###....# ,,,**
#..,,,......# ,,**
#.#****#§§§#* ,** #.#
*#x#* ,* #.# #@#
,#######.# #x#
,........#######§#
,.......<........#
*#################


You could see 2 small abominations.

Vanquished Creatures
  An adder (D:2)
  A worm (D:2)
  2 dart slugs (D:1)
  A giant gecko (D:1)
  2 giant cockroaches (D:1)
  5 goblins
  5 hobgoblins (D:1)
  5 bats
  6 giant newts
  6 kobolds
  6 rats
40 creatures vanquished.

Notes
Turn   | Place    | Note
--------------------------------------------------------------
     0 | D:1      | spiff the Demonspawn Chaos Knight began the quest for the Orb.
     0 | D:1      | Reached XP level 1. HP: 18/18 MP: 1/1
   214 | D:1      | Reached skill level 3 in Maces & Flails
   275 | D:1      | Gained mutation: You are surrounded by a mild repulsion field (EV +2). [demonic ancestry]
   275 | D:1      | Reached XP level 2. HP: 19/24 MP: 2/2
   282 | D:1      | XOM: mild Necr miscast
   324 | D:1      | XOM: vitrification
   957 | D:1      | XOM: vitrification
  1090 | D:1      | XOM: divination: magic mapping
  1283 | D:2      | Gained mutation: You have a pair of small antennae on your head. [demonic ancestry]
  1283 | D:2      | Reached XP level 3. HP: 28/29 MP: 3/3
  1482 | D:2      | XOM: 1-stop teleportation journey
  1646 | D:2      | Reached skill level 4 in Maces & Flails
  1720 | D:2      | Found a bloodstained altar of Trog.
  1771 | D:2      | XOM: vitrification
  1886 | D:2      | XOM: divination: detect creatures
  2002 | D:3      | XOM: medium Summ miscast
  2003 | D:3      | Noticed a small abomination
  2003 | D:3      | Noticed a small abomination
  2007 | D:3      | Slain by a small abomination

Skill      XL: |  1  2  3 |
---------------+----------+-----
Maces & Flails | 3 4 |  4.2
Fighting       | |  3.0
Armour         | |  1.7
Dodging        | |  0.8

Action                   || total
-------------------------++-------
Melee: Mace              ||   138
  Use: Scroll            ||     5
  Eat: Chunk             ||     4
Armor: Leather armour    ||    47
Dodge: Dodged            ||   137
